 Dungeon Crawl Stone Soup version 0.23.2-1-ga50397a (webtiles) character file.

Game seed: 7975207506637828234

105 XPEneeg3 the Skirmisher (level 4, 0/41 HPs)
             Began as a Hill Orc Fighter on May 10, 2019.
             Slain by a gnoll
             ... wielding a +0 flail
              (7 damage)
             ... on level 4 of the Dungeon.
             The game lasted 00:05:14 (2279 turns).

XPEneeg3 the Skirmisher (Hill Orc Fighter)          Turns: 2279, Time: 00:05:14

Health: 0/41       AC:  8    Str: 19    XL:     4   Next: 83%
Magic:  4/4        EV:  7    Int:  8    God:
Gold:   94         SH:  9    Dex: 10    Spells: 3/3 levels left

rFire    . . .     SeeInvis .   a - +0 war axe
rCold    . . .     Gourm    .   c - +0 shield
rNeg     . . .     Faith    .   b - +0 scale mail
rPois    .         Spirit   .   (no helmet)
rElec    .         Reflect  .   q - +0 cloak
rCorr    .         Harm     .   (no gloves)
MR       .....                  (no boots)
Stlth    ..........             (no amulet)
HPRegen  0.13/turn              (no ring)
MPRegen  0.09/turn              (no ring)

@: no status effects
A: no striking features
a: no special abilities


You were on level 4 of the Dungeon.
You were not hungry.

You visited 1 branch of the dungeon, and saw 4 of its levels.

You collected 94 gold pieces.

Inventory:

Hand Weapons
 a - a +0 war axe (weapon)
Missiles
 h - a throwing net (quivered)
 m - 6 needles of confusion
Armour
 b - a +0 scale mail (worn)
 c - a +0 shield (worn)
 q - a +0 cloak (worn)
Scrolls
 e - 2 scrolls of remove curse {unknown}
 g - 6 scrolls of identify {unknown}
 i - a scroll of enchant armour {unknown}
 l - a scroll of amnesia {unknown}
 n - 2 scrolls of enchant weapon {unknown}
 p - a scroll of teleportation {unknown}
 r - a scroll of random uselessness {unknown}
Potions
 d - a potion of might
 j - a potion of mutation {unknown}
 o - a potion of flight {unknown}
 s - a potion of haste {unknown}
Comestibles
 f - 6 rations
 k - 2 chunks of flesh


   Skills:
 + Level 4.4 Fighting
 + Level 3.8 Axes
 + Level 4.1 Armour
 + Level 4.1 Shields


You had 3 spell levels left.
You didn't know any spells.
Your spell library was empty.

Dungeon Overview and Level Annotations

Branches:
Dungeon (4/15)
 Temple: D:4-7

Altars:


Message History

Your shield prevents you from hitting the gnoll.
The gnoll is heavily wounded.
You barely miss the gnoll. The gnoll hits you with a +0 club.
* * * LOW HITPOINT WARNING * * *
The gnoll hits you but does no damage. The gnoll barely misses you.
You take 3 damage, and have 5/41 hp.
You can't go up here!
The gnoll hits you but does no damage.
You climb downwards.
There is a stone staircase leading up here.
The gnoll closely misses you.
You open the door. You block the gnoll's attack.
Found 7 gold pieces.
There is an open door here.
Found a worn lead wand.
You open the door.
A quokka comes into view.
There is an open door here.
You open the door. The gnoll hits you with a +0 flail!
You die...

+..#######.....# +###
#..##...##†....#
./..##..##...##<....##..
......$..#......).......
.........#..............
.........'...##..)..##..
........g#...##.....#
...##.g##...##.....+
##@##...##.....#
#..'....##.....#
....#....####+###
..##.r##...# ... #..#
#### .. ...# . ...#
##..#


You could see 2 gnolls and a quokka.

Vanquished Creatures
  5 adders
  2 oozes
  A dart slug (D:1)
  2 leopard geckos (D:2)
  2 giant cockroaches (D:1)
  7 hobgoblins
  4 jackals (D:1)
  3 kobolds
  2 ball pythons
  5 bats (D:1)
  4 frilled lizards
  9 goblins
  3 rats
49 creatures vanquished.

Notes
Turn   | Place    | Note
-------+----------+-------------------------------------------
     0 | D:1      | XPEneeg3 the Hill Orc Fighter began the quest for the Orb.
     0 | D:1      | Reached XP level 1. HP: 19/19 MP: 1/1
   191 | D:1      | Reached XP level 2. HP: 24/27 MP: 2/2
   530 | D:1      | Reached XP level 3. HP: 32/33 MP: 3/3
  1505 | D:2      | Reached XP level 4. HP: 33/40 MP: 4/4
  1965 | D:3      | Found a faded altar of an unknown god.
  2279 | D:4      | Slain by a gnoll

Skill      XL: |  1  2  3  4 |
---------------+-------------+-----
Axes           | 3 |  3.8
Fighting       | 4 |  4.4
Armour         | 4 |  4.1
Shields        | 4 |  4.1

Action                   |  1- 3 |  4- 6 || total
-------------------------+-------+-------++-------
Melee: War axe           |   106 |    59 ||   165
  Use: Potion            |       |     2 ||     2
  Eat: Chunk             |     2 |     1 ||     3
       Ration            |       |     1 ||     1
Armor: Scale mail        |    49 |    41 ||    90
Dodge: Dodged            |    39 |    24 ||    63
Block: Shield            |    54 |    50 ||   104
